 Dungeon Crawl Stone Soup version 0.21-a0-39-g28ea6b7 (webtiles) character file.

62 blackwizard the Gusty (level 3, 0/31 HPs)
             Began as a Troll Air Elementalist on May 31, 2017.
             Slain by a goblin
             ... wielding a +2 dagger of venom
              (3 damage)
             ... on level 3 of the Dungeon.
             The game lasted 00:15:45 (2523 turns).

blackwizard the Gusty (Troll Air Elementalist)      Turns: 2523, Time: 00:15:46

Health: 0/31       AC:  5    Str: 16    XL:     3   Next: 85%
Magic:  1/4        EV: 10    Int: 12    God:
Gold:   107        SH:  0    Dex: 10    Spells: 1/5 levels left

rFire    + . .     SeeInvis .   w - +0 flail
rCold    x . .     Gourm    +   (no shield)
rNeg     . . .     Faith    .   a - +0 robe
rPois    .         Spirit   .   (helmet restricted)
rElec    .         Reflect  .   (no cloak)
rCorr    .         Harm     .   (gloves unavailable)
MR       .....                  (boots unavailable)
Stlth    +.........             c - amulet of inaccuracy (curse)
Regen    0.5/turn               d - ring of fire
MPRegen  0.1/turn               (no ring)

@: lethally poisoned (0 -> -12), very slightly contaminated
A: unfitting armour, claws 3, fast metabolism 3, gourmand, regeneration 1,
shaggy fur 1, tough skin 2
a: no special abilities


You were on level 3 of the Dungeon.
You were very hungry.

You visited 1 branch of the dungeon, and saw 3 of its levels.

You collected 107 gold pieces.

Inventory:

Hand Weapons
 f - a +0 dagger
 i - a +0 short sword
 j - a +0 hand axe
 s - a +1 dagger of speed
 w - a +0 flail (weapon)
Missiles
 g - 26 bolts
 o - 43 stones (quivered)
 p - 23 poisoned needles
Armour
 a - a +0 robe (worn)
 y - a +0 helmet
Magical Staves
 u - an uncursed staff of fire
Jewellery
 c - a cursed amulet of inaccuracy (around neck)
 d - a ring of fire (left claw)
Scrolls
 e - a scroll of enchant armour {unknown}
 h - a scroll of noise {unknown}
 l - a scroll of fog {unknown}
 n - 2 scrolls of magic mapping {unknown}
 r - a scroll of remove curse {unknown}
 t - 2 scrolls of enchant weapon {unknown}
 z - a scroll of teleportation {unknown}
Potions
 k - a potion of ambrosia {unknown}
 m - a potion of mutation {unknown}
Books
 b - a book of Air

   Spells                             Type                      Level
   a - Shock                          Conjuration/Air              1
   b - Swiftness                      Charms/Air                   2
   c - Static Discharge               Conjuration/Air              3
   d - Airstrike                      Air                          4
   e - Lightning Bolt                 Conjuration/Air              5
Comestibles
 v - 2 bread rations
 x - 4 chunks of flesh


   Skills:
 + Level 0.1 Fighting
 + Level 0.7 Axes
 + Level 2.1 Dodging
 + Level 1.1 Stealth
 + Level 0.4 Unarmed Combat
 + Level 1.6 Spellcasting
 + Level 0.8 Conjurations
 + Level 2.3 Air Magic


You had one spell level left.
You knew the following spells:

 Your Spells              Type           Power        Failure   Level  Hunger
a - Shock                 Conj/Air       #...         16%         1    ##.....
b - Static Discharge      Conj/Air       #.......     41%         3    ####...


Dungeon Overview and Level Annotations

Branches:
Dungeon (3/15)

Altars:
Hepliaklqana
Qazlal
Yredelemnul


Innate Abilities, Weirdness & Mutations

You are too large for most types of armour.
You have claws for hands.
Your metabolism is lightning-fast.
You like to eat raw meat.
Your natural rate of healing is unusually fast.
You are covered in fur. (AC +1)
You have very tough skin. (AC +2)


Message History

Confirm with . or Enter, or press ? or * to list all spells.
You miscast Static Discharge.
You are very lightly contaminated with residual magic.
Strange energies run through your body.
You feel sick. The goblin hits you but does no damage.
Unknown command.
You feel very sick.
* * * LOW HITPOINT WARNING * * *
You feel sick.
* * * LOW HITPOINT WARNING * * *
You feel sick.
* * * LOW HITPOINT WARNING * * *
You feel sick. The goblin hits you but does no damage.
You are more poisoned.
* * * LOW HITPOINT WARNING * * *
You feel sick.
* * * LOW HITPOINT WARNING * * *
You feel sick.
The goblin hits you with a dagger of venom.
You die...

########### #.........#
######.........#
...##..#####..#
####.##..# #..#
#....@...# #..####
#.##.##g##..# #.....#
#.......##..#####..##.#
####.#####.........##.#
#.# ####.....###.###
#.# #.#.#........ #.#
#.#.#####.### #.# #.#.#
#.# ##.# #.#'#####.#


You could see a goblin.

Vanquished Creatures
  An ooze (D:1)
  A dart slug (D:1)
  2 leopard geckos
  An orc (D:3)
  A ball python (D:1)
  3 bats
  A giant cockroach (D:2)
  7 goblins
  7 hobgoblins
  7 jackals (D:1)
  A quokka (D:3)
  4 frilled lizards
  4 kobolds
  6 rats
46 creatures vanquished.

Notes
Turn   | Place    | Note
-------+----------+-------------------------------------------
     0 | D:1      | blackwizard the Troll Air Elementalist began the quest for the Orb.
     0 | D:1      | Reached XP level 1. HP: 16/16 MP: 1/1
   137 | D:1      | Reached XP level 2. HP: 20/24 MP: 3/3
   559 | D:1      | Reached XP level 3. HP: 29/31 MP: 4/4
  1455 | D:2      | Found a stormy altar of Qazlal.
  1458 | D:2      | Found a hazy altar of Hepliaklqana.
  1795 | D:2      | Found a basalt altar of Yredelemnul.
  2001 | D:2      | Learned a level 3 spell: Static Discharge
  2523 | D:3      | Slain by a goblin

Vault maps used:
D:1:      grunt_arrival_crossed_arrows
D:2:      nicolae_overflow_hidden_temple
D:3:      led_sif_pool, first_bread, uniq_ijyb

Skill      XL: |  1  2  3 |
---------------+----------+-----
Dodging        | 2 |  2.1
Fighting       | |  0.1
Axes           | |  0.7
Stealth        | |  1.1
Unarmed Combat | |  0.4
Spellcasting   | |  1.6
Conjurations   | |  0.8
Air Magic      | |  2.3

Action                   || total
-------------------------++-------
Melee: Unarmed           ||    28
       Hand axe          ||    58
       Short sword       ||     1
       Flail             ||    41
       Staff             ||    15
 Cast: Shock             ||    39
       Static Discharge  ||     2
  Eat: Chunk             ||     4
       Bread ration      ||     3
       Royal jelly       ||     2
Armor: Robe              ||    96
Dodge: Dodged            ||   107
